 Dungeon Crawl Stone Soup version 0.30.1-11-g7821555f0a (webtiles) character file.

Game seed: 5013876319378400410

205 pkoi the Ruffian (level 5, -4/13 (41) HPs)
             Began as a Draconian Reaver on Nov 15, 2023.
             Slain by Sigmund
             ... wielding a +1 scythe of protection
              (9 damage)
             ... on level 3 of the Dungeon.
             The game lasted 00:06:12 (2605 turns).

pkoi the Ruffian (Draconian Reaver)                 Turns: 2605, Time: 00:06:12

HP:   -4/13 (41)    AC:  9    Str: 14 (15) XL:     5   Next: 53%
MP:   6/8           EV: 12    Int: 15      God:
Gold: 44            SH:  0    Dex: 14 (15) Spells: 5/8 levels left

rFire   + . .        a - +0 rapier
rCold   + + .        (no shield)
rNeg    . . .        (body armour unavailable)
rPois   +            (helmet restricted)
rElec   +            c - +1 cloak of Courage {Regen+ rCorr}
rCorr   +            m - +1 pair of gloves
SInv    .            (no boots)
Will    .....        (no amulet)
Stlth   +            e - +6 ring of dexterity
HPRegen 1.02/turn    n - ring of protection from cold
MPRegen 0.11/turn

%: no passive effects
@: resistant, extremely drained
A: AC +5, unfitting armour, cold-blooded
a: no special abilities


You were on level 3 of the Dungeon.
You visited 1 branch of the dungeon, and saw 3 of its levels.

You collected 44 gold pieces.

Inventory:

Hand Weapons
 a - a +0 rapier (weapon)
Missiles
 f - a throwing net
Armour
 c - the +1 cloak of Courage (worn) {Regen+ rCorr}
   (You acquired it on level 2 of the Dungeon)

   Regen:     It increases your rate of health regeneration.
   rCorr:     It protects you from acid and corrosion.
 m - a +1 pair of gloves (worn)
Jewellery
 b - a ring of magical power
 e - a +6 ring of dexterity (left hand)
 n - a ring of protection from cold (right hand)
Wands
 o - a wand of digging (2)
Scrolls
 i - 2 scrolls of identify
 l - a scroll of enchant armour
Potions
 d - 2 potions of brilliance
 j - a potion of mutation {unknown}
 k - a potion of heal wounds {unknown}


   Skills:
 - Level 2.1 Fighting
 - Level 1.7 Dodging
 + Level 4.2 Unarmed Combat
 - Level 2.0 Spellcasting
 + Level 4.2 Conjurations
 + Level 2.9 Necromancy
 + Level 0.3 Air Magic
 + Level 0.4 Poison Magic


You had 5 spell levels left.
You knew the following spells:

 Your Spells              Type           Power      Damage    Failure   Level
a - Kiss of Death         Conj/Necr      48%        2d9       4%          1
b - Cigotuvi's Dreadful   Necr/Pois/Air  10%        N/A       21%         2

Your spell library contained the following spells:

 Spells                   Type           Power      Damage    Failure   Level
 Momentum Strike          Conj/Tloc      14%        3d8       14%         2
 Hailstorm                Conj/Ice       7%         3d4       28%         3
 Summon Guardian Golem    Hex/Summ       1%         N/A       54%         3
 Dispel Undead            Necr           10%        3d9       54%         4
 Death Channel            Necr           5%         N/A       100%        6
 Orb of Destruction       Conj           7%         9d6       100%        7
 Spellforged Servitor     Conj/Summ      3%         N/A       100%        7


Dungeon Overview and Level Annotations

Branches:
Dungeon (3/15)

Altars:

Shops:
D:1 [

Annotations:
D:3 3 runed translucent doors, Joad's ghost, amateur GnTm; Sigmund


Innate Abilities, Weirdness & Mutations

Your plain brown scales are hard. (AC +5)
You cannot fit into any form of body armour.
You are cold-blooded and may be slowed by cold attacks.


Message History

Casting: Cigotuvi's Dreadful Rot (safe; 21% risk of failure)
Confirm with . or Enter, or press ? or * to list all spells.
A part of your flesh rots into a cloud of miasma!
You feel drained. Sigmund hits you but does no damage.
Sigmund seems less drained.
Sigmund casts a spell at you. You resist with some effort. Sigmund misses you.
Sigmund misses you.
Casting: Cigotuvi's Dreadful Rot (safe; 21% risk of failure)
Confirm with . or Enter, or press ? or * to list all spells.
Aiming: Kiss of Death (safe; 4% risk of failure)
Press: ? - help, Shift-Dir - straight line, f - Sigmund
Aim: Sigmund, wielding a +1 scythe of protection and wearing a +0 robe (moderately wounded, 100% to hit)
The negative energy hits Sigmund!
Sigmund is drained!
Sigmund is severely wounded.
You feel drained.
Casting: Kiss of Death (safe; 4% risk of failure)
Confirm with . or Enter, or press ? or * to list all spells.
Aiming: Kiss of Death (safe; 4% risk of failure)
Press: ? - help, Shift-Dir - straight line, f/p - Sigmund
Aim: Sigmund, wielding a +1 scythe of protection and wearing a +0 robe (severely wounded, heavily drained, 100% to hit)
The negative energy hits Sigmund but does no damage.
Sigmund is drained!
Sigmund is almost dead.
You feel drained.
Sigmund casts a spell.
Sigmund flickers and vanishes!
Deactivating autopickup; reactivate with Ctrl-A.
You hit something. You tail-slap something.
Something hits you but does no damage.
You hit something but do no damage. Something hits you!
Ouch! That really hurt!
You hit something but do no damage.
You hear some strange, mumbled words.
A puff of flame appears from out of thin air!
The puff of flame hits you. You resist.
You barely miss something. Your punch misses something. Something hits you!
Ouch! That really hurt!
You die...

....#.# ###...#
#(##..#######
##.#.....@..#
.##...รท.###.#
.....##..##.#
....#.##..#.######
....##.#.......{.#
.##..###..#.####@#
#.#......)..#
##.####
##..#########
#.....# ##.#
#.....# #.#
#.....# ##'##
#...(.# ##...##
#.....# #.....##
#####.###
.......##
##.###.####


There were no monsters in sight!

Vanquished Creatures
  2 iguanas
  Terence (D:2)
  Robin (D:3)
  5 adders (D:2)
  A worm (D:3)
  4 dart slugs
  2 orcs (D:3)
  A bat (D:1)
  3 endoplasms
  2 giant cockroaches
  12 goblins
  8 hobgoblins
  5 kobolds
  4 quokkas
  A ball python (D:1)
  2 frilled lizards (D:1)
  2 rats
56 creatures vanquished.

Notes
Turn   | Place    | Note
-------+----------+-------------------------------------------
     0 | D:1      | pkoi the Draconian Reaver began the quest for the Orb.
     0 | D:1      | Reached XP level 1. HP: 17/17 MP: 3/3
   508 | D:1      | Reached XP level 2. HP: 20/24 MP: 5/5
   560 | D:1      | Found Moso's Armour Boutique.
   572 | D:1      | Reached skill level 1 in Necromancy
   618 | D:1      | Found a faded altar of an unknown god.
  1070 | D:2      | Identified a scroll of acquirement
  1070 | D:2      | Acquired the +1 cloak of Courage {Regen+ rCorr}
  1162 | D:2      | Reached XP level 3. HP: 26/26 MP: 6/6
  1169 | D:2      | Noticed Terence
  1189 | D:2      | Killed Terence
  1399 | D:2      | Reached XP level 4. HP: 32/33 MP: 7/7
  1488 | D:2      | You fall into a shaft and drop 1 floor!
  2081 | D:3      | Reached XP level 5. HP: 37/37 MP: 8/8
  2125 | D:3      | Found a runed translucent gate.
  2126 | D:3      | Found a runed translucent gate.
  2130 | D:3      | Found a runed translucent gate.
  2131 | D:3      | Noticed Joad's ghost (amateur GnTm)
  2242 | D:3      | Learned a level 2 spell: Cigotuvi's Dreadful Rot
  2248 | D:3      | Noticed Robin
  2421 | D:3      | Killed Robin
  2539 | D:3      | Noticed Sigmund
  2605 | D:3      | Slain by Sigmund

Illustrated notes

Levels and vault maps discovered:
D:1:      dpeg_arrival_round_c, layout_basic,
          dilly_ecumenical_altar_fadedgnrine, serial_shops, nicolae_shop_crystal
D:2:      layout_loops_corners, uniq_terence
D:3:      layout_loops_corners, mainiacjoe_overflow_chevrons,
          ebering_ghost_rock_garden, minmay_bisected, uniq_sigmund, uniq_ijyb,
          uniq_robin

Skill      XL: |  1  2  3  4 |
---------------+-------------+-----
Necromancy     | 1 2 |  2.9
Unarmed Combat | 4 |  4.2
Conjurations   | 4 |  4.2
Fighting       | |  2.1
Dodging        | |  1.7
Spellcasting   | |  2.0
Air Magic      | |  0.3
Poison Magic   | |  0.4

Action                     |  1- 3 |  4- 6 || total
---------------------------+-------+-------++-------
  Melee: Rapier            |    85 |   164 ||   249
         Tailslap          |    11 |    20 ||    31
         Punch             |     1 |    10 ||    11
   Cast: Kiss of Death     |     3 |     4 ||     7
         Cigotuvi's Dreadf |       |     2 ||     2
    Use: Scroll            |     7 |     4 ||    11
         Potion            |     2 |     2 ||     4
 Armour: Skin              |    29 |    69 ||    98
  Dodge: Dodged            |    55 |   116 ||   171
